 Dungeon Crawl Stone Soup version 0.28-a0-409-g6a72785379 (webtiles) character file.

Game seed: 13828628055699332231

1400 MacCMillion the Cleaver (level 8, -1/68 HPs)
             Began as a Hill Orc Cinder Acolyte on Sept 6, 2021.
             Was a High Priest of Ignis.
             Slain by a gnoll (2 damage)
             ... on level 6 of the Dungeon.
             The game lasted 00:23:51 (8148 turns).

MacCMillion the Cleaver (Hill Orc Cinder Acolyte)   Turns: 8148, Time: 00:23:51

Health: -1/68      AC: 13    Str: 20    XL:     8   Next: 69%
Magic:  9/9        EV:  5    Int: 15    God:    Ignis [*****.]
Gold:   161        SH:  0    Dex:  6    Spells: 7/9 levels left

rFire   + + .      SeeInvis +   a - -1 hand axe (flame)
rCold   + . .      Faith    .   (no shield)
rNeg    . . .      Spirit   .   v - +3 plate armour "Ydiw" {+Blink rPois Will++ SInv}
rPois   +          Reflect  .   (no helmet)
rElec   .          Harm     .   c - scarf {rC+ rF+}
rCorr   .          Rampage  .   (no gloves)
Will    ++...                   (no boots)
Stlth   ..........              (no amulet)
HPRegen 1.21/turn               (no ring)
MPRegen 0.11/turn               (no ring)

@: lethally poisoned (-1 -> -11)
A: regeneration 1, strong 1, wild magic 1
a: Renounce Religion, Evoke Blink, Sea of Fire, Foxfire Swarm, Rising Flame


You were on level 6 of the Dungeon.
You worshipped Ignis.
Ignis was extremely pleased with you.
You visited 1 branch of the dungeon, and saw 6 of its levels.

You collected 1554 gold pieces.
You spent 1393 gold pieces at shops.

Inventory:

Hand Weapons
 a - a -1 hand axe of flaming (weapon)
Missiles
 n - a throwing net
Armour
 b - a +0 robe
 c - a scarf of resistance (worn)
 d - a +0 leather armour
 g - a +1 kite shield
 v - the +3 plate armour "Ydiw" (worn) {+Blink rPois Will++ SInv}
   (You bought it in a shop on level 2 of the Dungeon)

   rPois:     It protects you from poison.
   SInv:      It lets you see invisible.
   +Blink:    It lets you blink.
   Will:      It greatly increases your willpower.
 y - a +2 pair of gloves
Jewellery
 q - a +6 ring of dexterity
Wands
 r - a wand of flame (18)
 t - a wand of paralysis (17)
Scrolls
 e - a scroll of torment
 f - a scroll of noise
 i - 2 scrolls of fog
 j - a scroll of enchant armour
 k - 3 scrolls of magic mapping
 m - a scroll of vulnerability
 w - a scroll of teleportation
 x - 3 scrolls of silence {unknown}
Potions
 h - 3 potions of flight
 l - a potion of curing
 o - a potion of ambrosia {unknown}
 p - a potion of mutation
 s - 2 potions of degeneration {unknown}
 u - a potion of brilliance {unknown}
 z - 2 potions of heal wounds
 A - a potion of cancellation {unknown}
 B - a potion of might {unknown}


   Skills:
 - Level 5.0 Fighting
 + Level 11.5 Axes
 + Level 1.7 Armour
 - Level 1.0 Spellcasting
 + Level 6.3 Fire Magic


You had 7 spell levels left.
You knew the following spells:

 Your Spells              Type           Power      Damage    Failure   Level
a - Scorch                Fire           50%        2d8       73%         2

Your spell library contained the following spells:

 Spells                   Type           Power      Damage    Failure   Level
 Apportation              Tloc           0%         N/A       100%        1
 Summon Small Mammal      Summ           0%         N/A       100%        1
 Ensorcelled Hibernation  Hex/Ice        0%         N/A       100%        2
 Call Canine Familiar     Summ           0%         N/A       100%        3
 Ozocubu's Armour         Ice            0%         N/A       100%        3
 Spider Form              Tmut/Pois      0%         N/A       100%        3
 Summon Guardian Golem    Hex/Summ       0%         N/A       100%        3
 Alistair's Intoxication  Tmut/Pois      0%         N/A       100%        5
 Invisibility             Hex            0%         N/A       100%        6
 Ozocubu's Refrigeration  Ice            0%         4d5       100%        7


Dungeon Overview and Level Annotations

Branches:
Dungeon (6/15)             Temple (0/1) D:6

Altars:
Ashenzari
Elyvilon
Uskayaw
Yredelemnul

Shops:
D:1 [   D:2 *![[*   D:4 :

Annotations:
D:4 1 runed translucent door, papapa55's ghost, amateur MfIE
D:5 3 runed translucent doors, Decipherer's ghost, novice GnBe


Innate Abilities, Weirdness & Mutations

Your natural rate of healing is unusually fast.
Your muscles are strong. (Str +2)
Your spells are a little harder to cast, but a little more powerful.


Message History

The gnoll shouts! x2
The gnoll sergeant hits you with a +2 trident of venom.
You are poisoned.
You closely miss the gnoll sergeant.
You feel sick.
The gnoll sergeant hits you with a +2 trident of venom!
You are more poisoned.
You hit the gnoll sergeant. You burn the gnoll sergeant.
The gnoll sergeant is moderately wounded.
You feel very sick.
You hit the gnoll sergeant. You burn the gnoll sergeant.
The gnoll sergeant is heavily wounded.
You feel very sick.
The gnoll sergeant hits you with a +2 trident of venom!
You hit the gnoll sergeant. You burn the gnoll sergeant.
The gnoll sergeant is severely wounded.
You feel very sick.
The gnoll sergeant hits you with a +2 trident of venom.
You are more poisoned.
You hit the gnoll sergeant but do no damage.
The gnoll sergeant is severely wounded.
You hit the gnoll. You burn the gnoll.
You feel very sick. The gnoll hits you but does no damage.
You hit the gnoll sergeant but do no damage.
The gnoll sergeant is severely wounded.
You hit the gnoll but do no damage.
You feel very sick.
The gnoll sergeant hits you with a +2 trident of venom!
You hit the gnoll sergeant. You burn the gnoll sergeant.
The gnoll sergeant is almost dead.
You hit the gnoll but do no damage.
You feel very sick.
The gnoll sergeant hits you with a +2 trident of venom.
* * * LOW HITPOINT WARNING * * *
You feel very sick.
The gnoll sergeant hits you from afar with a +2 trident of venom!
* * * LOW HITPOINT WARNING * * *
You are more poisoned.
The gnoll hits you with a +0 club.
You die...

#...........# #.....# #..
###.........# ##############.
#.........# #......#..
##........# #.......).
#..รท.....###########......#..
#..................#......#..
#..................#.........
#........................g#..
#...........@ggg..........#..
#.............g..............
###################.......#..
#.......##. #.....#....
#.....##### #######


You could see a gnoll sergeant and 3 gnolls.

Vanquished Creatures
  A water moccasin (D:6)
  2 black bears (D:5)
  An ogre (D:5)
  A phantom (D:5)
  Blork the orc (D:4)
  3 scorpions
  A bullfrog (D:5)
  A water moccasin zombie (D:6)
  A wyvern skeleton (D:5)
  5 hounds
  A jelly (D:6)
  An orc priest (D:6)
  2 bullfrog skeletons (D:6)
  2 orc wizards
  2 iguanas (D:4)
  3 gnolls
  6 adders
  2 worms
  9 orcs
  5 bats
  3 endoplasms
  3 giant cockroaches
  7 goblins
  8 hobgoblins
  8 jackals
  2 quokkas
  3 ball pythons (D:1)
  5 kobolds
  9 rats
  A spectral orc (D:4)
99 creatures vanquished.

Vanquished Creatures (others)
  14 plants (D:4)
14 creatures vanquished.

Grand Total: 113 creatures vanquished

Notes
Turn   | Place    | Note
-------+----------+-------------------------------------------
     0 | D:1      | MacCMillion the Hill Orc Cinder Acolyte began the quest for
                  | the Orb.
     0 | D:1      | Reached XP level 1. HP: 19/19 MP: 2/2
   236 | D:1      | Reached XP level 2. HP: 27/27 MP: 3/3
   448 | D:1      | Found Puakimoc's Antique Armour Shoppe.
   837 | D:1      | Reached XP level 3. HP: 32/33 MP: 4/4
  1200 | D:2      | Reached skill level 5 in Axes
  1896 | D:2      | Found Houxkaor's Antique Armour Shoppe.
  1913 | D:2      | Found Ovyicebb's Armour Shop.
  1992 | D:2      | Found Ostrueh's Assorted Antiques.
  2076 | D:2      | Reached XP level 4. HP: 38/40 MP: 5/5
  2449 | D:2      | Found Akhluwno's Assorted Antiques.
  2487 | D:2      | Found Hilutolopp's Distillery.
  3162 | D:3      | Reached skill level 6 in Axes
  3162 | D:3      | Reached XP level 5. HP: 32/47 MP: 6/6
  3263 | D:3      | Learned a level 2 spell: Scorch
  4336 | D:4      | Reached skill level 5 in Fighting
  4336 | D:4      | Reached XP level 6. HP: 17/56 MP: 7/7
  4750 | D:4      | Found Ihyut's Book Emporium.
  4808 | D:4      | Found a runed translucent door.
  4811 | D:4      | Noticed papapa55's ghost (amateur MfIE)
  4817 | D:4      | Noticed Blork the orc
  5427 | D:5      | Entered Level 5 of the Dungeon
  5446 | D:5      | Found a broken altar of Ashenzari.
  5484 | D:5      | Gained mutation: Your muscles are strong. (Str +2) [potion
                  | of mutation]
  5484 | D:5      | Gained mutation: Your natural rate of healing is unusually
                  | fast. [potion of mutation]
  5484 | D:5      | Gained mutation: Your spells are a little harder to cast,
                  | but a little more powerful. [potion of mutation]
  5493 | D:5      | Reached skill level 7 in Axes
  5566 | D:5      | Reached skill level 5 in Fire Magic
  5591 | D:5      | Found a runed translucent gate.
  5591 | D:5      | Found a runed translucent gate.
  5592 | D:5      | Found a runed translucent gate.
  5690 | D:5      | Noticed Decipherer's ghost (novice GnBe)
  5817 | D:5      | Identified a scroll of acquirement
  5817 | D:5      | Acquired 1014 gold pieces
  5872 | D:4      | Found a hide-covered altar of Uskayaw.
  5945 | D:4      | Reached XP level 7. HP: 60/61 MP: 8/8
  6021 | D:4      | Reached skill level 8 in Axes
  6077 | D:4      | Found a basalt altar of Yredelemnul.
  6226 | D:4      | Found a white marble altar of Elyvilon.
  6361 | D:5      | Reached skill level 9 in Axes
  6476 | D:5      | Reached XP level 8. HP: 62/68 MP: 6/9
  6610 | D:5      | Reached skill level 10 in Axes
  6986 | D:6      | Reached skill level 11 in Axes
  7138 | D:2      | Bought the +3 plate armour "Ydiw" {+Blink rPois Will++
                  | SInv} for 894 gold pieces
  7334 | D:2      | Bought a scroll of teleportation for 87 gold pieces
  7334 | D:2      | Bought a scroll labelled FOISIFAROA for 29 gold pieces
  7371 | D:2      | Bought 2 potions of heal wounds for 140 gold pieces
  7400 | D:2      | Bought a scroll labelled FOISIFAROA for 24 gold pieces
  7400 | D:2      | Bought a scroll labelled FOISIFAROA for 24 gold pieces
  7418 | D:1      | Bought a pair of glowing gloves for 195 gold pieces
  7487 | D:4      | Killed Blork the orc
  7751 | D:6      | Found a staircase to the Ecumenical Temple.
  7796 | D:6      | Reached skill level 1 in Armour
  8148 | D:6      | HP: 1/68 [gnoll sergeant (10)]
  8148 | D:6      | Slain by a gnoll

Illustrated notes

Levels and vault maps discovered:
D:1:      dpeg_arrival_ratfight, layout_rooms, serial_shops, shop_statue,
          minivault_5
D:2:      layout_basic, serial_shops, shop_coins, shop, nicolae_shop_waterfront,
          shop, nicolae_diamond_shop, kennysheep_nub, cheibrodos_gnoll_hut
D:3:      layout_basic
D:4:      layout_basic, nicolae_elyvilon_temple_path,
          yredelemnul_forgotten_temple_becter, nicolae_uskayaw_dance_hall,
          hellmonk_ghost_happy_afterlife, serial_shops, kennysheep_little_box,
          uniq_blork_the_orc
D:5:      layout_loops_ring, ashenzari_altar_1, ebering_ghost_rock_garden
D:6:      layout_basic, minmay_temple_entry_large_hall

Skill      XL: |  1  2  3  4  5  6  7  8 |
---------------+-------------------------+-----
Fighting       | 4 5 |  5.0
Axes           | 5 6 7 9 11 | 11.5
Fire Magic     | 4 5 6 |  6.3
Armour         | 1 |  1.7
Spellcasting   | |  1.0

Action                   |  1- 3 |  4- 6 |  7- 9 || total
-------------------------+-------+-------+-------++-------
Melee: Hand axe          |   127 |   194 |   168 ||   489
 Cast: Scorch            |       |     1 |     6 ||     7
Invok: Sea of Fire       |       |       |     1 ||     1
  Use: Potion            |     1 |     5 |       ||     6
       Scroll            |       |    11 |       ||    11
Armor: Leather armour    |    49 |    40 |    29 ||   118
       Skin              |       |     1 |       ||     1
       Plate armour      |       |       |    25 ||    25
Dodge: Dodged            |    79 |   118 |    81 ||   278

Table legend: (Time is in decaauts)
 A = Elapsed time spent in this place.
 B = Non-inter-level travel time spent in this place.
 C = Inter-level travel time spent in this place.
 D = Time resting spent in this place.
 E = Time spent auto-exploring this place.
 F = Levels seen in this place.
 G = Mean time per level.
                   A        B        C        D        E       F      G
               +--------+--------+--------+--------+--------+-----+--------+
         Total |   8113 |   7432 |    681 |   2353 |   3569 |   6 | 1352.2 |
       Dungeon |   8113 |   7432 |    681 |   2353 |   3569 |   6 | 1352.2 |
               +--------+--------+--------+--------+--------+-----+--------+

Top non-repeatable levels by time:
     D:2: 1914 daAuts
     D:4: 1709 daAuts
     D:3: 1443 daAuts
     D:1: 1388 daAuts
     D:5: 1106 daAuts
     D:6: 550 daAuts
